AoeStats
← 念

Oasis

508731094Analyzed
4v4 RM · 9d ago on Sep 23, 2026· 27m 58s· 8 players
Game mode
Random Map
Map size
Large (8 player)
Population
200
Speed
Normal
Resources
Standard
Victory
Conquest
Starting age
Dark Age
Ending age
Imperial Age
RankedLock teamsTeams togetherTeam positionsShared explorationLock speedFull tech treeHidden civsTurbo modeCheats
Victory
Defeat
🇮🇳 Varangians · India
1267
+13
🇧🇷 Mongols · Brazil
1247
+14
🇨🇳 Persians · China
1211
+15
🇧🇷 Maya · Brazil
1203
+16
🇲🇽 Mongols · Mexico
1226
-16
🇩🇰 Goths · Denmark
1222
-15
🇸🇪 Britons · Sweden
1191
-14
🇸🇪 Varangians · Sweden
1158
-13
Murkeldjuret. ®
4:51 Loom
9:41 Feudal Age
10:14 Double-Bit Axe
17:33 Fletching
17:43 Padded Archer Armor
22:57 Castle Age
24:08 Crossbowman
25:56 Bodkin Arrow
crips n blyats
0:27 Loom
9:12 Feudal Age
10:04 Man-at-Arms
14:09 Scale Mail Armor
16:28 Double-Bit Axe
22:34 Castle Age
21:35 Fletching
23:02 Long Swordsman
23:42 Squires
27:42 Chain Mail Armor
Murmeldjuret. ®
2:22 Loom
10:08 Feudal Age
25:12 Castle Age
23:59 Bloodlines
24:02 Forging
24:40 Scale Barding Armor
[GDL] Maldito Pantoja
6:52 Loom
9:30 Feudal Age
17:40 Forging
18:50 Horse Collar
23:21 Castle Age
22:05 Gold Mining
22:55 Bloodlines
22:52 Scale Barding Armor
24:03 Husbandry
念
6:17 Loom
8:42 Feudal Age
9:38 Double-Bit Axe
9:58 Double-Bit Axe
11:33 Horse Collar
15:16 Wheelbarrow
17:22 Gold Mining
18:35 Scale Barding Armor
20:58 Castle Age
20:16 Forging
20:18 Bloodlines
21:43 Hand Cart
21:39 Bow Saw
22:06 Gold Shaft Mining
22:30 Chain Barding Armor
26:44 Iron Casting
27:13 Husbandry
Rbofff
0:28 Loom
0:34 Loom
10:24 Feudal Age
11:37 Double-Bit Axe
18:09 Horse Collar
20:58 Fletching
27:08 Castle Age
26:02 Gold Mining
27:03 Padded Archer Armor
27:14 Crossbowman
28:09 Thumb Ring
Kaiser
7:59 Feudal Age
6:57 Loom
9:28 Double-Bit Axe
22:40 Castle Age
21:06 Scale Barding Armor
21:38 Bloodlines
21:35 Gold Mining
22:47 Forging
23:45 Wheelbarrow
22:52 Horse Collar
25:43 Bow Saw
26:21 Chain Barding Armor
28:38 Iron Casting
RockAxe2
7:33 Loom
9:22 Feudal Age
10:30 Horse Collar
10:36 Double-Bit Axe
13:54 Bloodlines
16:18 Scale Barding Armor
19:53 Wheelbarrow
20:09 Forging
24:58 Castle Age
24:23 Gold Mining
24:23 Stone Mining
25:00 Light Cavalry
25:40 Husbandry
26:02 Chain Barding Armor
27:10 Bow Saw
27:01 Heavy Plow
28:31 Iron Casting
Connection lost

Rejoining the realm…

Still unreachable

The connection could not be restored.

Session expired

The server has moved on; the page needs a fresh start.